 Dungeon Crawl Stone Soup version 0.29-a0-43-g62a80824bf (webtiles) character file.

Game seed: 12034911262472459296

626749 diecastcamel the Minotaur Barricade (level 27, -4/243 HPs)
             Began as a Minotaur Berserker on Jan 29, 2022.
             Was a High Priest of Trog.
             Slain by Ezuarras the pandemonium lord (8 damage)
             ... on level 4 of the Realm of Zot on Feb 2, 2022.
             The game lasted 13:13:18 (106731 turns).

diecastcamel the Minotaur Barricade (MiBe)        Turns: 106731, Time: 13:13:19

Health: -4/243     AC:  1    Str: 29    XL:     27
Magic:  19/19      EV: 28    Int:  6    God:    Trog [*****.]
Gold:   6792       SH: 33    Dex: 18    Spells: 26/26 levels left

rFire   + + +      SeeInvis .   C - +8 quick blade (flame)
rCold   + . .      Faith    .   r - +2 tower shield
rNeg    . . .      Spirit   .   b - +10 plate armour {rF+}
rPois   +          Reflect  +   j - +2 hat
rElec   +          Harm     .   a - +1 cloak {Will+}
rCorr   .          Rampage  .   P - +0 pair of fencer's gloves {Riposte Dex+3}
Will    +++..      Rage     1%  p - +0 pair of boots of the Carpenter {rPois rF++}
Stlth   ..........              g - amulet "Ebiric" {Reflect rElec rPois SH+5 Stlth+}
HPRegen 0.50/turn               Q - +6 ring of dexterity
MPRegen 0.16/turn               m - ring of the Hare {EV+8}

@: about to teleport, corroded, studying Crossbows
A: horns 2, retaliatory headbutt, berserk 1, clumsy 1, cold resistance 1, frail
1, low MP 1, sense surroundings 2, weak 2
0: Orb of Zot
}: 3/15 runes: barnacled, silver, gossamer
a: Renounce Religion, Berserk, Trog's Hand, Brothers in Arms


You were on level 4 of the Realm of Zot.
You worshipped Trog.
Trog was extremely pleased with you.
You visited 9 branches of the dungeon, and saw 48 of its levels.
You visited 1 bazaar.
You also visited: Sewer, Gauntlet, Ice Cave and Volcano.

You collected 11454 gold pieces.
You spent 4662 gold pieces at shops.

Inventory:

Hand Weapons
 o - the +6 short sword of Poverty {vorpal, rF+ Str+3 Stlth+}
   (Trog gifted it to you on level 2 of the Realm of Zot)

   It inflicts extra damage upon your enemies.
   Str:       It affects your strength (+3).
   rF:        It protects you from fire.
   Stlth:     It makes you more stealthy.
 z - a +5 vorpal quick blade
 C - a +8 quick blade of flaming (weapon)
Missiles
 q - 32 boomerangs (quivered)
Armour
 a - a +1 cloak of willpower (worn)
 b - a +10 plate armour of fire resistance (worn)
 j - a +2 hat (worn)
 p - the +0 pair of boots of the Carpenter (worn) {rPois rF++}
   (You found it on level 3 of the Elven Halls)

   rF:        It greatly protects you from fire.
   rPois:     It protects you from poison.
 r - a +2 tower shield (worn)
 t - a scarf of resistance
 y - the +18 shield of the Gong {rElec rN+ Will+ EV-5}
   (You acquired it on level 3 of the Spider Nest)

   It is deafeningly noisy when blocking attacks.
   EV:        It affects your evasion (-5).
   rElec:     It insulates you from electricity.
   rN:        It protects you from negative energy.
   Will:      It increases your willpower.
 P - the +0 pair of fencer's gloves (worn) {Riposte Dex+3}
   (You found it on level 3 of the Depths)

   It allows the wearer to riposte with melee weapons, swiftly retaliating
   against missed attacks.
   Dex:       It affects your dexterity (+3).
Jewellery
 g - the amulet "Ebiric" (around neck) {Reflect rElec rPois SH+5 Stlth+}
   (You bought it in a shop on level 1 of the Orcish Mines)

   [amulet of reflection]

   It reflects blocked missile attacks.
   rElec:     It insulates you from electricity.
   rPois:     It protects you from poison.
   SH:        It affects your SH (+5).
   Stlth:     It makes you more stealthy.
 m - the ring of the Hare (right hand) {EV+8}
   (You took it off an ironbound preserver on level 2 of the Vaults)

   [ring of evasion]

   EV:        It affects your evasion (+8).
 G - a ring of flight
 K - a ring of see invisible
 Q - a +6 ring of dexterity (left hand)
 S - a ring of resist corrosion
 Y - a ring of positive energy
 Z - a +4 ring of slaying
Wands
 k - a wand of iceblast (14)
 s - a wand of mindburst (19)
 A - a wand of flame (14)
 B - a wand of digging (5)
 E - a wand of charming (10)
 N - a wand of polymorph (17)
 O - a wand of paralysis (16)
Scrolls
 c - 2 scrolls of fear
 e - a scroll of summoning
 i - 14 scrolls of fog
 l - a scroll of magic mapping
 n - 4 scrolls of holy word
 w - a scroll of silence
 T - 8 scrolls of teleportation
 V - 9 scrolls of immolation
Potions
 d - 12 potions of lignification
 f - 4 potions of flight
 u - 7 potions of might
 x - 11 potions of curing
 I - 5 potions of haste
 J - 3 potions of resistance
 R - 5 potions of mutation
 U - 3 potions of cancellation
Miscellaneous
 h - a condenser vane
 v - a box of beasts
 L - a lightning rod (4/4)
 X - a phantom mirror (inert)


   Skills:
 + Level 26.8 Fighting
 - Level 23.4 Short Blades
 - Level 4.6 Axes
 + Level 26.5 Armour
 - Level 20.2 Dodging
 O Level 27 Shields
 - Level 15.0 Evocations


You had 26 spell levels left.
You didn't know any spells.
Your spell library was empty.

Dungeon Overview and Level Annotations

Branches:
Dungeon (15/15)            Temple (0/1) D:7            Lair (6/6) D:11
 Shoals (4/4) Lair:3       Spider (4/4) Lair:3        Slime (0/5) Lair:5
    Orc (2/2) D:10            Elf (3/3) Orc:2        Vaults (5/5) D:13
  Crypt (0/3) Vaults:3     Depths (4/4) D:15            Zot (5/5) Depths:4
  Sewer (visited)           IceCv (visited)         Volcano (visited)
Gauntlet (visited)

Altars:
Ashenzari
Cheibriados
Dithmenos
Gozag
Hepliaklqana
Kikubaaqudgha
Okawaru
Qazlal
Ru
Sif Muna
Uskayaw
Yredelemnul
The Shining One

Shops:
D:6 *   D:15 *   Orc:1 !=*   Orc:2 !*[([   Elf:1 [   Elf:3 =:=   Shoals:2 !*
Shoals:4 [   Vaults:1 [((   Vaults:2 =

Portals:
Hell: Depths:1 Depths:2 Depths:3 Depths:4
Abyss: Depths:1 Depths:3 Depths:4
Pandemonium: Depths:2
Ziggurat: Depths:3
Trove: Depths:1 (give 6 scrolls of blinking)

Annotations:
Spider:2 1 runed translucent door, Kaytir's ghost, adept TrCA
Vaults:2 1 transporter
Zot:5 exclusion: orange crystal statue


Innate Abilities, Weirdness & Mutations

You have a pair of horns on your head.
You reflexively headbutt those who attack you in melee.
You tend to lose your temper in combat.
You are clumsy. (Dex -2)
Your flesh is cold resistant. (rC+)
You are frail. (-10% HP)
Your magical capacity is low. (-10% MP)
You passively map the area around you.
You are very weak. (Str -4)


Message History

[the floor.]
The rock shatters into small pieces.
Ezuarras kicks you!
* * * LOW HITPOINT WARNING * * *
Ezuarras corrodes you!
You feel much better. Ezuarras kicks you!!
* * * LOW HITPOINT WARNING * * *
Ezuarras corrodes you!
As you read the scroll of fear, it crumbles to dust.
You assume a fearsome visage.
Ezuarras resists with almost no effort.
You block Ezuarras's attack. x2
As you read the scroll of teleportation, it crumbles to dust.
You feel strangely unstable.
You feel the Orb delaying your translocation!
You block Ezuarras's attack.
Aiming: Phantom Mirror
Press: ? - help, Q - select action, (/) - cycle Dir - move target, f - Ezuarras
Aim: Ezuarras You reflect Ezuarras with the mirror!
The mirror clouds!
Ezuarras closely misses you. You furiously retaliate!
You headbutt Ezuarras, but do no damage.
Ezuarras kicks Ezuarras!
Ezuarras corrodes Ezuarras!
Ezuarras fires a harpoon shot at you.
The harpoon shot reflects off an invisible shield around you!
The harpoon shot hits Ezuarras!!
Ezuarras kicks Ezuarras!
Ezuarras seems to be corroded for longer.
Ezuarras completely misses you.
You riposte.
You hit Ezuarras but do no damage.
You headbutt Ezuarras, but do no damage.
Ezuarras is lightly wounded.
Ezuarras misses Ezuarras.
You feel yourself slow down.
Ezuarras kicks Ezuarras.
Ezuarras seems to be corroded for longer.
There is an open door here.
Ezuarras is nearby!
Ezuarras kicks Ezuarras.
Ezuarras seems to be corroded for longer.
Ezuarras kicks Ezuarras!!
Ezuarras corrodes Ezuarras!
Ezuarras kicks you!
You die...

#.####.#.###.##.#.....#..####...#
##...#.#[.#..#..##...##...#......
...###..###########'###.#########
.......##.....###.....###.....##.
..#'#'##.#####.#.#...#)#.#####.#.
.##....'.......#.#...#.#.......'.
###'#'##...8...'.#.8.#.'...8...#.
###.....)......#.#...#.#.........
##.....#.#####.#@#...#.#.#####.##
#......##.....###&....###.....###
#.......###########'###.####### #
#.......'.#'#+#.##.&.##....##.###
##.....##.......#.....#...##..#..
##...##.....#.##8.>.8#))##.###..
###)###...##'##.....#.##..##...
###.))..#..#######...##)###.#....
##.)>...####...#######....#.....#


You could see Ezuarras (corroded).

Vanquished Creatures
  8 dread liches
  4 orbs of fire
  3 ancient liches (Zot:5)
  3 juggernauts
  A Killer Klown (Zot:5)
  Margery (Depths:3)
  Xtahua (Vaults:3)
  3 curse toes
  7 caustic shrikes
  11 golden dragons
  Nikola (Elf:3)
  Arachne (Spider:2)
  A bone dragon (Vaults:3)
  2 electric golems (Zot:5)
  23 tentacled monstrosities
  Jorgrun (D:10)
  A walking crystal tome (Depths:1)
  4 liches
  2 walking earthen tomes (Depths:3)
  Rupert (D:14)
  13 quicksilver dragons
  25 Orb Guardians (Zot:5)
  3 deep elf blademasters
  A quicksilver dragon (shapeshifter) (Depths:2)
  9 titans
  2 walking frostbound tomes
  A walking divine tome (Depths:3)
  2 deep elf master archers (Elf:3)
  11 sphinxes
  Polyphemus (Shoals:3)
  10 death cobs
  8 tengu reavers
  12 storm dragons
  5 draconian monks
  11 shadow dragons
  Donald (Shoals:2)
  13 frost giants
  19 vault wardens
  12 draconian knights
  3 orc warlords
  10 fire giants
  10 ghost moths
  Aizul (Vaults:4)
  3 emperor scorpions
  8 iron dragons
  21 draconian scorchers
  7 deep elf sorcerers
  10 draconian stormcallers
  5 draconian shifters
  Louise (Shoals:4)
  19 stone giants
  20 very ugly things
  4 spriggan defenders
  7 deep elf elementalists (Elf:3)
  5 vampire knights
  21 ironbound preservers
  6 draconian annihilators
  3 broodmothers
  10 ironbound thunderhulks
  11 deep elf annihilators
  6 deep elf demonologists
  18 green draconians
  Azrael (Spider:2)
  14 dire elephants
  3 entropy weavers
  14 black draconians
  14 purple draconians
  18 spark wasps
  17 red draconians
  18 yellow draconians
  11 white draconians
  2 crystal guardians (Vaults:1)
  9 deep elf death magi
  12 ettins
  3 jiangshi (Depths:1)
  7 fire dragons
  5 deep elf high priests
  3 merfolk javelineers
  4 merfolk impalers
  Josephine (Lair:3)
  A great orb of eyes (shapeshifter) (Depths:2)
  5 rakshasas
  9 great orbs of eyes
  36 vault guards
  14 yaktaur captains
  A peacekeeper (Vaults:1)
  5 spriggan air magi
  10 hydras
  A catoblepas (Shoals:4)
  10 ironbound frosthearts
  Erica (D:9)
  12 boulder beetles
  3 alligator snapping turtles
  8 ice dragons
  2 jorogumos (Spider:1)
  8 ogre magi
  33 two-headed ogres
  3 death knights
  7 merfolk avatars
  5 satyrs
  20 centaur warriors
  29 dancing weapons
  2 alligators (Shoals:3)
  5 merfolk aquamancers
  7 deep troll earth magi
  A vampire mage (Depths:1)
  6 tengu warriors
  2 deep troll shamans
  A death scarab (Spider:2)
  14 death yaks
  12 slime creatures
  Urug (Lair:6)
  19 hell knights
  5 spriggan berserkers
  A soul eater (Depths:1)
  19 deep elf knights
  The ghost of issech the Basher, a novice TrMo of Hepliaklqana (D:8)
  3 iron trolls
  3 goliath frogs
  A sun demon (Depths:2)
  4 sun moths
  4 pharaoh ants
  13 sea snakes
  3 flayed ghosts
  37 deep trolls
  14 orb spiders
  2 sphinx zombies (Depths:2)
  2 spark wasp zombies (Depths:2)
  4 glowing orange brains
  13 deep elf archers
  An orange crystal statue (IceCv)
  4 lindwurms
  6 steelbarb worms
  17 ironbound convokers
  9 orc knights
  8 phantasmal warriors
  2 mana vipers (shapeshifter) (Vaults:5)
  17 wizards
  31 deep elf pyromancers
  24 deep elf zephyrmancers
  21 harpies
  A golden dragon skeleton (Depths:2)
  A harpy (shapeshifter) (Vaults:1)
  12 necromancers
  53 ugly things
  23 wolf spiders
  2 orc sorcerers
  2 stone giant zombies (Orc:1)
  A fire giant zombie (Depths:2)
  A faun (shapeshifter) (Depths:3)
  A salamander (shapeshifter) (Vaults:5)
  14 manticores
  A wolf spider (shapeshifter) (Depths:2)
  10 elephants
  19 cyclopes
  21 fauns
  An iron dragon skeleton (Depths:2)
  31 moths of wrath
  Joseph (D:9)
  16 merfolk sirens
  2 rust devils (Depths:2)
  An eye of devastation (Lair:5)
  16 vault sentinels
  5 black mambas
  A frost giant skeleton (Depths:2)
  2 smoke demons
  5 water nymphs
  2 orange demons (Depths:2)
  An eye of devastation (shapeshifter) (Elf:3)
  5 storm dragon simulacra (IceCv)
  A gargoyle (D:10)
  A torpor snail (Spider:3)
  23 cane toads
  2 unseen horrors
  5 kobold demonologists
  3 hellions
  11 komodo dragons
  7 demonic crawlers
  19 yaktaurs
  4 rime drakes
  3 freezing wraiths
  A tengu conjurer (Depths:1)
  5 golden dragon simulacra (IceCv)
  A tyrant leech (shapeshifter) (Vaults:5)
  2 polar bears
  16 merfolk
  21 meliai
  3 wind drakes
  3 red devils (Depths:2)
  27 tarantellas
  4 trolls
  4 tyrant leeches
  A tarantella (shapeshifter) (Depths:3)
  9 hornets
  A dream sheep (shapeshifter) (Vaults:5)
  14 blink frogs
  10 dream sheep (Lair:6)
  13 snapping turtles
  A stone giant simulacrum (Depths:2)
  3 air elementals
  22 culicivoras
  18 jumping spiders
  3 spriggans
  A centaur simulacrum (D:13)
  A shadow (D:10)
  5 wyverns
  8 water elementals
  39 yaks
  8 wraiths
  2 vampires
  A fire bat (shapeshifter) (Depths:3)
  6 steam dragons
  6 basilisks
  A neqoxec (Depths:2)
  8 fire elementals
  45 redbacks
  8 vampire mosquitoes
  6 wargs
  2 hell hounds (Volcano)
  2 acid dragons
  3 floating eyes
  7 water moccasins
  16 orc warriors
  A black bear (shapeshifter) (D:13)
  4 ice dragon simulacra (IceCv)
  34 ogres
  A black bear (Lair:3)
  A boggart (Vaults:2)
  11 wolves
  9 centaurs
  2 kobold brigands
  2 cyclops zombies (Orc:1)
  4 earth elementals
  16 bullfrogs
  A gnoll sergeant (D:11)
  A water moccasin zombie (D:6)
  8 scorpions
  3 wights (D:7)
  6 lindwurm simulacra (IceCv)
  6 killer bees (D:7)
  2 electric eels
  4 centaur zombies
  A bullfrog zombie (D:6)
  3 hounds
  A jelly (D:7)
  17 orc priests
  A centaur skeleton (D:5)
  An iguana (D:7)
  19 orc wizards
  Ijyb (D:4)
  6 hell rats
  A killer bee zombie (D:5)
  2 hound skeletons
  8 gnolls
  A howler monkey skeleton (D:7)
  9 adders
  3 river rats (D:5)
  A shadow imp (D:7)
  An ufetubus (D:5)
  2 worms
  64 orcs
  11 endoplasms
  8 giant cockroaches
  6 hobgoblins
  4 jackals (D:1)
  9 kobolds
  13 quokkas
  13 ball pythons
  3 bats (D:1)
  8 frilled lizards
  2 goblins
  8 rats
  A fire vortex (Orc:1)
2196 creatures vanquished.

Vanquished Creatures (collateral kills)
  A Killer Klown (Zot:5)
  A golden dragon (Zot:3)
  A sphinx (Vaults:1)
  A shadow dragon (Zot:3)
  2 emperor scorpions (Spider:4)
  An entropy weaver (Spider:2)
  A deep elf annihilator (Elf:3)
  An ice dragon (IceCv)
  A radroach (Spider:2)
  A merfolk aquamancer (Shoals:3)
  A deep troll shaman (Depths:4)
  A deep troll (Vaults:1)
  2 lindwurms (Volcano)
  An orc knight (Vaults:1)
  2 wolf spiders (Spider:2)
  A manticore (Shoals:3)
  2 ugly things (Vaults:1)
  A water nymph (Shoals:3)
  A smoke demon (Volcano)
  A komodo dragon (shapeshifter) (D:15)
  A wind drake (Shoals:3)
  A snapping turtle (Shoals:3)
  A water elemental (Shoals:3)
  2 steam dragons (Volcano)
  A redback (Spider:2)
  A hell hound (Spider:2)
  An ice dragon simulacrum (IceCv)
32 creatures vanquished.

Vanquished Creatures (others)
  A fire giant (Depths:4)
  2 draconian annihilators
  A war gargoyle (Vaults:5)
  A dancing weapon (Elf:3)
  4 deep elf knights
  A deep elf archer (Elf:3)
  2 deep elf pyromancers
  A deep elf zephyrmancer (Elf:3)
  2 culicivoras
  A water elemental (Elf:1)
  A water moccasin (Lair:2)
  A human (D:8)
  A fire vortex (Orc:1)
  46 fungi
  262 plants
  4 tentacles (Shoals:3)
331 creatures vanquished.

Grand Total: 2559 creatures vanquished

Notes
Turn   | Place    | Note
-------+----------+-------------------------------------------
     0 | D:1      | diecastcamel the Minotaur Berserker began the quest for the
                  | Orb.
     0 | D:1      | Reached XP level 1. HP: 19/19 MP: 0/0
   362 | D:1      | Reached XP level 2. HP: 18/27 MP: 1/1
  1963 | D:2      | Reached XP level 3. HP: 24/33 MP: 2/2
  2293 | D:2      | Reached ** piety under Trog
  2853 | D:3      | Identified the +5 dagger "Minotaur's Bane" {freeze, Int+7}
  2875 | D:3      | Reached XP level 4. HP: 37/40 MP: 3/3
  3462 | D:3      | Found a faded altar of an unknown god.
  3511 | D:4      | Noticed a scorpion
  3521 | D:4      | Killed a scorpion
  3612 | D:4      | Reached XP level 5. HP: 35/46 MP: 4/4
  3810 | D:4      | Noticed Ijyb
  3821 | D:4      | Killed Ijyb
  3962 | D:4      | Reached skill level 1 in Short Blades
  4027 | D:4      | Found an opulent altar of Gozag.
  4069 | D:4      | Reached XP level 6. HP: 52/52 MP: 5/5
  4440 | D:5      | Entered Level 5 of the Dungeon
  4638 | D:5      | Found a shadowy altar of Dithmenos.
  4782 | D:5      | Found a stormy altar of Qazlal.
  5012 | D:5      | Found a glowing drain.
  5018 | Sewer    | Entered a sewer
  5105 | Sewer    | Reached *** piety under Trog
  5216 | Sewer    | Reached XP level 7. HP: 59/59 MP: 6/6
  5466 | Sewer    | Reached skill level 5 in Evocations
  5521 | Sewer    | Identified the +5 scimitar "Giant's Funeral" {venom, MP+9
                  | Dex+2}
  6184 | D:5      | Reached skill level 5 in Short Blades
  6292 | D:6      | Reached XP level 8. HP: 67/67 MP: 7/7
  6355 | D:6      | Reached skill level 5 in Fighting
  6517 | D:6      | Found Qinnix's General Store.
  6527 | D:6      | Bought 2 scrolls of magic mapping for 77 gold pieces
  6527 | D:6      | Bought a scroll of identify for 22 gold pieces
  6527 | D:6      | Bought a scroll of identify for 22 gold pieces
  6529 | D:6      | Bought a scroll of enchant armour for 82 gold pieces
  6857 | D:6      | Noticed a manticore
  6861 | D:6      | Killed a manticore
  6862 | D:6      | Reached skill level 5 in Armour
  7024 | D:6      | Reached **** piety under Trog
  7112 | D:7      | Found a staircase to the Ecumenical Temple.
  7119 | D:7      | Noticed a cyclops
  7124 | D:7      | HP: 2/70 [cyclops/large rock (35)]
  7689 | D:7      | Killed a cyclops
  7690 | D:7      | Reached XP level 9. HP: 60/75 MP: 8/8
  8362 | D:7      | Reached skill level 10 in Short Blades
  9083 | D:8      | Found an ancient bone altar of Kikubaaqudgha.
  9399 | D:8      | Found a large runed translucent door.
  9399 | D:8      | Found a large runed translucent door.
  9400 | D:8      | Noticed issech's ghost (novice TrMo)
  9618 | D:9      | Noticed Joseph
  9631 | D:9      | Killed Joseph
  9632 | D:9      | Reached skill level 5 in Dodging
  9734 | D:9      | You fall into a shaft and drop 1 floor!
  9734 | D:10     | Entered Level 10 of the Dungeon
  9756 | D:10     | Killed an unseen horror
  9874 | D:9      | Noticed a centaur warrior
  9890 | D:9      | Killed a centaur warrior
  9891 | D:9      | Reached XP level 10. HP: 55/84 MP: 9/9
 10027 | D:9      | Noticed Erica
 10032 | D:9      | Killed Erica
 10467 | D:9      | Found a broken altar of Ashenzari.
 10471 | D:9      | Found a hazy altar of Hepliaklqana.
 10477 | D:9      | Found a sacrificial altar of Ru.
 10747 | D:10     | Noticed a two-headed ogre
 10760 | D:10     | Killed a two-headed ogre
 10838 | D:10     | Found an iron altar of Okawaru.
 10842 | D:10     | Found a snail-covered altar of Cheibriados.
 10842 | D:10     | Found a hide-covered altar of Uskayaw.
 10866 | D:10     | Noticed a gargoyle
 10875 | D:10     | Killed a gargoyle
 11619 | D:10     | Found a staircase to the Orcish Mines.
 11745 | D:10     | Found a glowing golden altar of the Shining One.
 11749 | D:10     | Found a basalt altar of Yredelemnul.
 11805 | D:11     | Noticed a sixfirhy
 11821 | D:10     | Noticed a rust devil
 11828 | D:9      | Reached XP level 11. HP: 56/95 MP: 10/10
 12188 | D:11     | Found a staircase to the Lair.
 12194 | D:11     | Noticed a two-headed ogre
 12207 | D:11     | Killed a two-headed ogre
 13571 | D:11     | Noticed a two-headed ogre
 13577 | D:11     | Killed a two-headed ogre
 13712 | Lair:1   | Entered Level 1 of the Lair of Beasts
 14176 | Lair:1   | Noticed a five-headed hydra
 14190 | Lair:1   | Killed a five-headed hydra
 14269 | Lair:1   | Reached skill level 10 in Fighting
 14407 | Lair:1   | You fall into a shaft and drop 1 floor!
 15013 | Lair:1   | Noticed a six-headed hydra
 15019 | Lair:1   | Killed a six-headed hydra
 15020 | Lair:1   | Reached skill level 10 in Armour
 15020 | Lair:1   | Reached XP level 12. HP: 107/107 MP: 11/11
 16302 | Lair:3   | Found a hole to the Spider Nest.
 17157 | Lair:3   | Found a staircase to the Shoals.
 17296 | Lair:4   | Noticed a six-headed hydra
 17305 | Lair:4   | Reached skill level 10 in Dodging
 17309 | Lair:4   | Killed a six-headed hydra
 17311 | Lair:4   | Noticed a six-headed hydra
 17325 | Lair:4   | Killed a six-headed hydra
 17368 | Lair:4   | Found a dark tunnel.
 17379 | Volcano  | Entered a volcano
 17958 | Volcano  | Upgraded the game from 0.29-a0-22-gbf593b16ee to
                  | 0.29-a0-23-ga79f92ac9c
 18589 | Volcano  | Noticed a fire dragon
 18603 | Volcano  | Killed a fire dragon
 18946 | Lair:4   | Reached XP level 13. HP: 114/118 MP: 12/12
 19671 | Lair:5   | Found a staircase to the Slime Pits.
 19673 | Lair:5   | Paralysed by a floating eye for 3 turns
 19840 | Lair:5   | Found a gate leading to a gauntlet.
 19895 | Gauntlet | Entered a Gauntlet
 19895 | Gauntlet | Found a transporter.
 19899 | Gauntlet | Found a transporter.
 19901 | Gauntlet | Found a transporter.
 19905 | Gauntlet | Found a transporter.
 19906 | Gauntlet | Found a transporter.
 19908 | Gauntlet | Found a transporter.
 19915 | Gauntlet | Found a runed translucent gate.
 19918 | Gauntlet | Found a runed translucent gate.
 19919 | Gauntlet | Found a transporter.
 19920 | Gauntlet | Found a runed translucent gate.
 19939 | Gauntlet | Found a transporter.
 20001 | Gauntlet | Found a transporter.
 20018 | Gauntlet | Found a transporter.
 20018 | Gauntlet | Found a transporter.
 20028 | Gauntlet | Found a transporter.
 20057 | Gauntlet | Found a runed translucent door.
 22251 | Lair:6   | Entered Level 6 of the Lair of Beasts
 23155 | Lair:6   | Reached skill level 10 in Evocations
 23456 | Lair:5   | Reached ***** piety under Trog
 23818 | Lair:6   | Noticed Urug
 23853 | Lair:6   | Killed Urug
 24141 | Lair:6   | Reached XP level 14. HP: 112/130 MP: 13/13
 24653 | Lair:6   | Identified the +6 executioner's axe of Ancient Evil
                  | {vorpal, Will+ Dex+7} (Trog gifted it to you on level 6 of
                  | the Lair of Beasts)
 24653 | Lair:6   | Received a gift from Trog
 27344 | Orc:1    | Entered Level 1 of the Orcish Mines
 27344 | Orc:1    | Noticed Jorgrun
 27381 | D:10     | Killed Jorgrun
 27630 | Orc:1    | Found Edepuami's Jewellery Boutique.
 27805 | Orc:1    | Reached skill level 15 in Fighting
 27833 | Orc:1    | Bought the amulet "Ebiric" {Reflect rElec rPois SH+5
                  | Stlth+} for 561 gold pieces
 28149 | Orc:1    | Found Kewkorhu's General Store.
 28413 | Orc:1    | Found Emi Anal's Distillery.
 28488 | Orc:1    | Received a gift from Trog
 29468 | Orc:1    | Reached skill level 15 in Armour
 29528 | Orc:1    | Noticed a fire giant
 29559 | Orc:1    | Killed a fire giant
 30195 | Orc:1    | Identified the +2 hunting sling "Gugal" {speed, Int+2 Dex+4
                  | Stlth+}
 30198 | Orc:1    | Identified the +6 mace of a Billion Stars {vamp, Int+7}
 30199 | Orc:1    | Identified the +6 rapier "Jogrejex" {spect, rElec Str-4
                  | Int+7}
 30301 | Orc:2    | Entered Level 2 of the Orcish Mines
 30445 | Orc:1    | Reached XP level 15. HP: 130/141 MP: 14/14
 30451 | Orc:2    | Found Sostudele's Armour Shop.
 30754 | Orc:2    | Received a gift from Trog
 30759 | Orc:2    | Bought a +0 buckler for 63 gold pieces
 30817 | Orc:2    | Reached skill level 1 in Shields
 30867 | Orc:2    | Reached skill level 2 in Shields
 31050 | Orc:2    | Reached skill level 3 in Shields
 31205 | Orc:2    | Reached skill level 4 in Shields
 31416 | Orc:2    | Found a staircase to the Elven Halls.
 31426 | Orc:2    | Found a shimmering blue altar of Sif Muna.
 31469 | Orc:2    | Reached skill level 5 in Shields
 31543 | Orc:2    | Found Tess's Antique Armour Shoppe.
 31543 | Orc:2    | Found Omiggidgh's Weapon Boutique.
 31544 | Orc:2    | Found Zuzawitt's Distillery.
 31544 | Orc:2    | Found Vuowiu's Assorted Antiques.
 31565 | Orc:2    | Bought a shiny plate armour for 650 gold pieces
 31586 | Orc:2    | Bought a potion of haste for 140 gold pieces
 32768 | D:12     | Received a gift from Trog
 32769 | D:12     | Reached skill level 6 in Shields
 33091 | D:13     | Reached skill level 7 in Shields
 33359 | D:13     | Found a gate to the Vaults.
 33412 | D:13     | Reached skill level 8 in Shields
 33757 | D:13     | Reached skill level 9 in Shields
 34316 | Spider:1 | Entered Level 1 of the Spider Nest
 34601 | Spider:1 | Reached skill level 10 in Shields
 35587 | D:14     | Reached skill level 11 in Shields
 35692 | D:14     | Reached XP level 16. HP: 117/149 MP: 15/15
 35835 | D:14     | Noticed Rupert
 35845 | D:14     | Killed Rupert
 36272 | D:14     | Reached skill level 12 in Shields
 37250 | D:15     | Entered Level 15 of the Dungeon
 37551 | D:15     | Found a staircase to the Depths.
 38198 | D:15     | Received a gift from Trog
 38452 | D:15     | Found a hide-covered altar of Uskayaw.
 38493 | D:15     | Found Olocas's Assorted Antiques.
 38502 | D:15     | Bought a box of beasts for 920 gold pieces
 38502 | D:15     | Bought a wand of iceblast (5) for 92 gold pieces
 39455 | Spider:1 | Reached skill level 13 in Shields
 40560 | Spider:2 | Noticed Azrael
 40578 | Spider:2 | Killed Azrael
 41036 | Spider:2 | Found a runed translucent door.
 41114 | Spider:2 | Noticed Kaytir's ghost (adept TrCA)
 41259 | Spider:2 | HP: 6/152 [radroach (10)]
 41269 | Spider:2 | Reached skill level 15 in Dodging
 41783 | Spider:2 | Reached XP level 17. HP: 88/159 MP: 16/16
 42352 | Spider:2 | Received a gift from Trog
 42859 | Spider:2 | Reached skill level 14 in Shields
 44041 | Spider:3 | Identified the +0 robe of Broken Taboos {Str+6 Int-2}
 44041 | Spider:3 | Noticed Arachne
 44489 | Spider:2 | Killed Arachne
 45395 | Spider:3 | Received a gift from Trog
 45596 | Spider:3 | Identified a scroll of acquirement
 45597 | Spider:3 | Acquired the +18 shield of the Gong {rElec rN+ Will+ EV-5}
 45597 | Spider:3 | Found the +18 shield of the Gong {rElec rN+ Will+ EV-5}
 45708 | Shoals:1 | Entered Level 1 of the Shoals
 45873 | Shoals:1 | Noticed Josephine
 45890 | Lair:3   | Killed Josephine
 46217 | Lair:3   | Upgraded the game from 0.29-a0-23-ga79f92ac9c to
                  | 0.29-a0-25-g7f48f510a0
 46412 | Shoals:1 | Reached skill level 15 in Shields
 47655 | Shoals:2 | Found a flickering gateway to a bazaar.
 47664 | Bazaar   | Entered a bazaar
 47664 | Bazaar   | Found Fioggac's Antique Weapon Boutique.
 47664 | Bazaar   | Found Cuejo's Antique Armour Boutique.
 47664 | Bazaar   | Found Ymofieng's Assorted Antiques.
 47664 | Bazaar   | Found Vuqan's Distillery.
 47664 | Bazaar   | Found Exeunoi's Book Boutique.
 47695 | Bazaar   | Bought a pair of embroidered boots for 135 gold pieces
 47711 | Bazaar   | Bought a scroll of magic mapping for 84 gold pieces
 47812 | Shoals:2 | Found Melep's Distillery.
 47852 | Shoals:2 | Found Humiwot's Assorted Antiques.
 47932 | Shoals:2 | Noticed Donald
 47952 | Shoals:2 | Killed Donald
 48549 | Shoals:3 | Reached XP level 18. HP: 135/170 MP: 17/17
 48887 | Shoals:3 | Received a gift from Trog
 50363 | Elf:1    | Entered Level 1 of the Elven Halls
 50480 | Elf:1    | Noticed a Brimstone Fiend
 51218 | Elf:1    | Reached skill level 16 in Shields
 51697 | Elf:1    | Found Pucadwu's Antique Armour Shop.
 51700 | Elf:1    | Bought a spiked cloak for 237 gold pieces
 51700 | Elf:1    | Identified the +1 cloak "Rodao" {Int+2} (You bought it in a
                  | shop on level 1 of the Elven Halls)
 51816 | Elf:1    | Identified the +3 hunting sling "Cahe" {venom, rElec rC-
                  | Str+3}
 52030 | Elf:2    | Found a runed translucent gate.
 52030 | Elf:2    | Found a runed translucent gate.
 52030 | Elf:2    | Found a runed translucent gate.
 52264 | Elf:2    | Received a gift from Trog
 52347 | Elf:2    | Found a frozen archway.
 52389 | IceCv    | Entered an ice cave
 53217 | IceCv    | Noticed a golden dragon
 53236 | IceCv    | Killed a golden dragon
 53365 | IceCv    | Identified the +0 hat of Beyond {Harm Int+9 Dex-2}
 53367 | IceCv    | Identified the ring "Odiu" {Ice rN+ Stlth+}
 53372 | IceCv    | Identified the amulet of the Butterfly {Acrobat rElec}
 53535 | Elf:2    | Paralysed by an air elemental for 1 turns
 54127 | Elf:2    | Received a gift from Trog
 54234 | Elf:2    | Reached XP level 19. HP: 136/179 MP: 18/18
 54276 | Elf:2    | Reached skill level 15 in Evocations
 54783 | Elf:3    | Entered Level 3 of the Elven Halls
 54783 | Elf:3    | Identified the -3 pair of gloves of the Ward {rCorr Str+3
                  | Stlth+}
 54783 | Elf:3    | Noticed Nikola
 54801 | Elf:3    | Killed Nikola
 55441 | Elf:3    | Received a gift from Trog
 55925 | Elf:3    | Reached ****** piety under Trog
 56093 | Elf:3    | Identified the amulet "Jakumuib" {Acrobat Rampage *Corrode
                  | Dex+4}
 56119 | Elf:3    | Reached skill level 17 in Shields
 56598 | Elf:3    | Identified the ring of Lugonu's Regard {Ice Will+ rCorr
                  | Dex+5}
 56717 | Elf:3    | Received a gift from Trog
 57177 | Elf:3    | Identified the +1 plate armour of Tenacity {*Slow rElec rC+
                  | Str+10 SInv}
 57178 | Elf:3    | Identified the +0 pair of boots of the Carpenter {rPois
                  | rF++}
 57223 | Elf:3    | Identified the +1 plate armour of Digysmock {Stlth+}
 57384 | Elf:3    | Found Kihul's Jewellery Emporium.
 57384 | Elf:3    | Found Ydoot's Book Shop.
 57386 | Elf:3    | Found Alorchom's Jewellery Emporium.
 58133 | Spider:4 | Entered Level 4 of the Spider Nest
 59414 | Spider:4 | Received a gift from Trog
 59436 | Spider:4 | Reached XP level 20. HP: 156/191 MP: 19/19
 59510 | Spider:4 | Got a gossamer rune of Zot
 59731 | Shoals:4 | Entered Level 4 of the Shoals
 59750 | Shoals:3 | Reached skill level 18 in Shields
 60461 | Shoals:4 | Noticed Polyphemus
 60508 | Shoals:3 | Killed Polyphemus
 60738 | Shoals:4 | Noticed Louise
 60945 | Shoals:4 | Killed Louise
 60964 | Shoals:4 | Identified the +8 dagger of Tortfeasance {vorpal, rCorr
                  | Str-2 Dex+2 SInv} (Trog gifted it to you on level 4 of the
                  | Shoals)
 60964 | Shoals:4 | Received a gift from Trog
 61363 | Shoals:4 | Found Sintutuz's Armour Shoppe.
 61369 | Shoals:4 | Got a barnacled rune of Zot
 62089 | Vaults:1 | Entered Level 1 of the Vaults
 62513 | Vaults:1 | Received a gift from Trog
 62514 | Vaults:1 | Found the +8 whip "Snakebite" {venom, curare, rPois}
 64525 | Vaults:1 | Found Gozag's Antique Armour Emporium.
 64528 | Vaults:1 | Found an opulent altar of Gozag.
 64528 | Vaults:1 | Found Gozag's Antique Weapon Shoppe.
 64537 | Vaults:1 | Found Gozag's Antique Weapon Shoppe.
 65057 | Vaults:2 | Reached skill level 15 in Short Blades
 65617 | Vaults:2 | Reached XP level 21. HP: 114/201 MP: 20/20
 66470 | Vaults:2 | Found a transporter.
 66471 | Vaults:2 | Found a shimmering blue altar of Sif Muna.
 66859 | Vaults:2 | Found Jatatzo's Jewellery Shop.
 67150 | Vaults:3 | Found a staircase to the Crypt.
 67250 | Vaults:3 | Identified the +6 arbalest "Xulov" {penet, Fragile rF+++
                  | Str+4}
 68017 | Vaults:3 | Reached skill level 19 in Shields
 68316 | Vaults:3 | Identified the +1 plate armour of Love and Death {rC- Int+5
                  | Dex-3}
 68697 | Vaults:3 | Received a gift from Trog
 69288 | Vaults:3 | Noticed Xtahua
 69301 | Vaults:3 | Killed Xtahua
 69832 | Vaults:4 | Noticed Aizul
 69848 | Vaults:4 | Killed Aizul
 69941 | Vaults:4 | Reached skill level 20 in Shields
 70602 | Vaults:4 | Reached XP level 22. HP: 209/209 MP: 21/21
 71023 | Depths:1 | Entered Level 1 of the Depths
 71025 | Depths:1 | Found a portal to a secret trove of treasure.
 71052 | Depths:1 | Received a gift from Trog
 71499 | Depths:1 | Found a gateway to Hell.
 71857 | Depths:1 | Found a one-way gate to the infinite horrors of the Abyss.
 74277 | Depths:1 | Upgraded the game from 0.29-a0-25-g7f48f510a0 to
                  | 0.29-a0-40-g8eb35efe60
 74427 | Depths:1 | Reached skill level 21 in Shields
 74914 | Elf:1    | Bought a shiny plate armour for 650 gold pieces
 74914 | Elf:1    | Bought a pair of embroidered boots for 187 gold pieces
 74963 | Orc:2    | Bought a potion of curing for 105 gold pieces
 74964 | Orc:2    | Bought a potion of curing for 42 gold pieces
 74964 | Orc:2    | Bought a potion of heal wounds for 70 gold pieces
 75039 | Orc:1    | Bought a potion of heal wounds for 80 gold pieces
 75039 | Orc:1    | Bought a potion of curing for 48 gold pieces
 75039 | Orc:1    | Bought a potion of curing for 48 gold pieces
 75039 | Orc:1    | Bought a potion of curing for 48 gold pieces
 75039 | Orc:1    | Bought a potion of might for 64 gold pieces
 75039 | Orc:1    | Bought a potion of curing for 48 gold pieces
 75339 | Depths:1 | Received a gift from Trog
 75925 | Depths:2 | Noticed a caustic shrike
 75925 | Depths:2 | a rockslime changed into a caustic shrike
 75931 | Depths:2 | a caustic shrike changed into an iron giant
 75943 | Depths:2 | Noticed a juggernaut
 75943 | Depths:2 | an acid blob changed into a juggernaut
 75948 | Depths:2 | Noticed a shard shrike
 76179 | Depths:2 | a shard shrike changed into a rockslime
 76195 | Depths:2 | Noticed a juggernaut
 76195 | Depths:2 | a rockslime changed into a juggernaut
 76198 | Depths:2 | Noticed a caustic shrike
 76198 | Depths:2 | a juggernaut changed into a caustic shrike
 76217 | Depths:2 | a caustic shrike changed into a quicksilver dragon
 76380 | Depths:2 | Identified the +6 short sword "Dontoedgh" {vorpal, Str+3}
 76380 | Depths:2 | Identified the ring "Ruatoast" {rF++ rN+++ Will- AC+4}
 76380 | Depths:2 | Noticed a caustic shrike
 76380 | Depths:2 | Noticed a caustic shrike
 76383 | Depths:2 | Noticed a caustic shrike
 76384 | Depths:2 | Noticed a caustic shrike
 76409 | Depths:1 | Killed a caustic shrike
 76438 | Depths:1 | Killed a caustic shrike
 76582 | Depths:2 | Noticed a caustic shrike
 76604 | Depths:1 | Killed a caustic shrike
 76762 | Depths:1 | Killed a caustic shrike
 76797 | Depths:1 | Killed a caustic shrike
 77069 | Depths:2 | Noticed a juggernaut
 77105 | Depths:2 | Killed a juggernaut
 77106 | Depths:2 | Reached XP level 23. HP: 197/218 MP: 22/22
 77390 | Depths:2 | Found a one-way gate leading to the halls of Pandemonium.
 77980 | Depths:3 | Found a one-way gateway to a ziggurat.
 77998 | Depths:3 | Noticed a juggernaut
 78027 | Depths:3 | Killed a juggernaut
 78217 | Depths:3 | Noticed Margery
 78243 | Depths:3 | Killed Margery
 78243 | Depths:3 | Received a gift from Trog
 78833 | Depths:3 | Found a stormy altar of Qazlal.
 78833 | Depths:3 | Found a shadowy altar of Dithmenos.
 78834 | Depths:3 | Found an ancient bone altar of Kikubaaqudgha.
 79066 | Depths:3 | Noticed a juggernaut
 79120 | Depths:3 | Killed a juggernaut
 79554 | Depths:3 | Noticed a caustic shrike
 79569 | Depths:3 | Reached skill level 22 in Shields
 79588 | Depths:3 | Killed a caustic shrike
 79838 | Depths:3 | Noticed a caustic shrike
 79863 | Depths:3 | Killed a caustic shrike
 79939 | Depths:3 | Received a gift from Trog
 80451 | Depths:3 | You fall into a shaft and drop 1 floor!
 80451 | Depths:4 | Entered Level 4 of the Depths
 80768 | Depths:3 | Found the +0 pair of fencer's gloves {Riposte Dex+3}
 81515 | Depths:4 | Received a gift from Trog
 81587 | Depths:4 | Found a gate to the Realm of Zot.
 82384 | D:8      | Killed issech's ghost
 82945 | Vaults:5 | Entered Level 5 of the Vaults
 82988 | Vaults:5 | Reached XP level 24. HP: 231/231 MP: 22/22
 83363 | Vaults:5 | Identified the +3 broad axe "Ceunan" {vorpal, rCorr Str+2}
                  | (Trog gifted it to you on level 5 of the Vaults)
 83363 | Vaults:5 | Received a gift from Trog
 83484 | Vaults:5 | Reached skill level 23 in Shields
 84191 | Vaults:5 | Identified the +3 rapier of Porikhla {vorpal, rC+ Str+2
                  | Dex-5} (Trog gifted it to you on level 5 of the Vaults)
 84191 | Vaults:5 | Received a gift from Trog
 84230 | Vaults:5 | Noticed a dread lich
 84276 | Vaults:5 | Killed a dread lich
 84802 | Vaults:5 | Got a silver rune of Zot
 85851 | Zot:1    | Entered Level 1 of the Realm of Zot
 86308 | Depths:4 | Identified the +6 rapier "Qoitzufu" {vorpal, Str+3} (Trog
                  | gifted it to you on level 4 of the Depths)
 86308 | Depths:4 | Received a gift from Trog
 86664 | Zot:1    | Noticed an orb of fire
 86691 | Depths:4 | Gained mutation: You are clumsy. (Dex -2) [an orb of fire]
 86708 | Depths:4 | Gained mutation: You tend to lose your temper in combat.
                  | [an orb of fire]
 86724 | Depths:4 | Gained mutation: You have hidden genetic defects. [an orb
                  | of fire]
 86733 | Depths:4 | Killed an orb of fire
 86734 | Depths:4 | Reached XP level 25. HP: 149/243 MP: 11/22
 87542 | Zot:1    | Reached skill level 24 in Shields
 87861 | Zot:1    | Gained mutation: You sometimes lose the ability to read
                  | scrolls when taking damage. [hidden defects]
 88163 | Orc:1    | Lost mutation: You sometimes lose the ability to read
                  | scrolls when taking damage. [potion of mutation]
 88163 | Orc:1    | Lost mutation: You are clumsy. (Dex -2) [potion of
                  | mutation]
 88163 | Orc:1    | Lost mutation: You have hidden genetic defects. [potion of
                  | mutation]
 88163 | Orc:1    | Gained mutation: You passively map a small area around you.
                  | [potion of mutation]
 88163 | Orc:1    | Gained mutation: Your flesh is cold resistant. (rC+)
                  | [potion of mutation]
 88163 | Orc:1    | Gained mutation: You are agile. (Dex +2) [potion of
                  | mutation]
 88163 | Orc:1    | Lost mutation: You tend to lose your temper in combat.
                  | [potion of mutation]
 89802 | Elf:1    | Bought a shiny kite shield for 187 gold pieces
 90515 | Depths:4 | Upgraded the game from 0.29-a0-40-g8eb35efe60 to
                  | 0.29-a0-43-g62a80824bf
 92336 | Zot:1    | Received a gift from Trog
 92951 | Zot:2    | You fall into a shaft and drop 1 floor!
 92964 | Zot:3    | Noticed an orb of fire
 93012 | Zot:3    | Gained mutation: You are weak. (Str -2) [an orb of fire]
 93018 | Zot:3    | Gained mutation: You tend to lose your temper in combat.
                  | [an orb of fire]
 93026 | Zot:3    | Lost mutation: You are agile. (Dex +2) [an orb of fire]
 93052 | Zot:3    | Killed an orb of fire
 93081 | Zot:3    | Paralysed by a floating eye for 4 turns
 93099 | Zot:3    | Noticed a dread lich
 93137 | Zot:3    | Killed a dread lich
 93174 | Zot:3    | Noticed a dread lich
 93206 | Zot:3    | Killed a dread lich
 93332 | Zot:3    | Noticed a dread lich
 93344 | Zot:3    | Noticed a dread lich
 93359 | Zot:3    | Killed a dread lich
 93397 | Zot:3    | Killed a dread lich
 93610 | Zot:3    | Identified the +8 shortbow of Seurudgh {venom, Fragile
                  | rPois rF+++ Stlth+}
 94280 | Zot:2    | Identified the +6 short sword of Poverty {vorpal, rF+ Str+3
                  | Stlth+} (Trog gifted it to you on level 2 of the Realm of
                  | Zot)
 94280 | Zot:2    | Received a gift from Trog
 95175 | Zot:2    | Reached skill level 25 in Shields
 95268 | Zot:3    | Paralysed by a floating eye for 2 turns
 96899 | Zot:3    | Reached XP level 26. HP: 257/257 MP: 22/22
 97204 | Zot:3    | Noticed a dread lich
 97227 | Zot:3    | Killed a dread lich
 97828 | Zot:4    | Received a gift from Trog
100036 | Zot:5    | Entered Level 5 of the Realm of Zot
101266 | Zot:5    | Reached skill level 26 in Shields
103227 | Zot:5    | Noticed a dread lich
103585 | Zot:5    | Noticed an orb of fire
103596 | Zot:5    | Gained mutation: You are clumsy. (Dex -2) [an orb of fire]
103597 | Zot:5    | Noticed a dread lich
103616 | Zot:5    | Gained mutation: Your magical capacity is low. (-10% MP)
                  | [an orb of fire]
103625 | Zot:5    | Gained mutation: You passively map the area around you. [an
                  | orb of fire]
103655 | Zot:5    | Killed an orb of fire
103674 | Zot:5    | Killed a dread lich
103719 | Zot:5    | Noticed an ancient lich
103746 | Zot:5    | Killed an ancient lich
103791 | Zot:5    | Noticed an ancient lich
103836 | Zot:5    | Killed an ancient lich
104357 | Zot:5    | Noticed an orb of fire
104417 | Zot:5    | Gained mutation: You are very weak. (Str -4) [an orb of
                  | fire]
104455 | Zot:5    | Gained mutation: You are frail. (-10% HP) [an orb of fire]
104464 | Zot:5    | Killed an orb of fire
104865 | Zot:5    | Reached XP level 27. HP: 243/243 MP: 19/19
104918 | Zot:5    | Killed a dread lich
105196 | Zot:5    | Received a gift from Trog
105300 | Zot:5    | Reached skill level 27 in Shields
105517 | Zot:5    | Noticed an ancient lich
105592 | Zot:5    | Killed an ancient lich
106600 | Zot:5    | Got the Orb of Zot
106623 | Zot:5    | Noticed Ezuarras the pandemonium lord
106722 | Zot:4    | HP: 1/243 [Ezuarras the pandemonium lord (35)]
106731 | Zot:4    | Slain by Ezuarras the pandemonium lord

Illustrated notes

Levels and vault maps discovered:
D:1:      dpeg_arrival_stone_temple_mockup, layout_loops_ring
D:2:      layout_loops_ring
D:3:      layout_loops_cross, shapermc_ecumenical_altar_petra
D:4:      layout_gridville, grunt_gozag_statues, uniq_ijyb
D:5:      layout_rooms, mainiacjoe_overflow_large_starburst,
          portal_sewer_entry_e
D:6:      layout_loops_ring, serial_rivers, chequers_serial_rivers_micro_e,
          chequers_serial_rivers_small_3, chequers_serial_rivers_small_a,
          chequers_serial_rivers_small_3, chequers_serial_rivers_micro_d,
          serial_shops, nicolae_stop_n_shop_2
D:7:      nicolae_cairo_tiling_very_big, layout_loops_ring,
          minmay_temple_entry_statues_fountains
D:8:      layout_cave_pools, tgw_kikubaaqudgha, ebering_ghost_disaster_area
D:9:      layout_roguey, minmay_overflow_temple_star_quad, uniq_erica,
          uniq_joseph
D:10:     layout_grid_maze, minmay_overflow_temple_star_hex, orc_0_dummy
D:11:     layout_basic, lair_entry_dummy
D:12:     layout_roguey, hex_tiny
D:13:     layout_rooms, lightli_vaults_fourway_checkpoint,
          minmay_variable_closet, serial_park_tiny_pond
D:14:     layout_irregular_city, serial_glass, glass_columns_a, glass_columns_b,
          uniq_rupert
D:15:     grunt_enter_depths_giant_problem, layout_cave_pools, serial_shops,
          shop_fountains, nicolae_uskayaw_murder_on_the_dancefloor
Lair:1:   layout_chaotic_city, serial_rivers, chequers_serial_rivers_large_a,
          chequers_serial_rivers_micro_b, chequers_serial_rivers_small_b,
          chequers_serial_rivers_micro_a, minivault_11
Lair:2:   layout_roguey, lemuel_old_faithful, grunt_megastairs_5,
          infiniplex_staircase_pool_2
Lair:3:   layout_loops_ring, minmay_shoals_entry_hut, spider_nest_entry_rubble,
          grunt_megastairs_3, serial_bayou_shore_a, serial_bayou_shore_b
Lair:4:   layout_regular_city, enter_volcano_1,
          eino_small_chamber_without_monster
Lair:5:   layout_gridlike, minmay_slime_entry_eyes, gauntlet_entry_generic,
          st_stairs_8, chequers_serial_rivers_small_b,
          chequers_serial_rivers_small_b
Lair:6:   minmay_lair_end_frog_pond, layout_cellular_growth, uniq_urug
Shoals:1: nicolae_shoals_island_circles, layout_shoals, uniq_josephine
Shoals:2: layout_shoals, serial_shops, bzr_entry_lakeside,
          nicolae_lakefront_shop, nicolae_shop_waterfront, uniq_donald
Shoals:3: layout_shoals, nicolae_shoals_goliath_grotto
Shoals:4: shoals_end_grunt_garden, layout_shoals, serial_shops, shop,
          nicolae_shoals_cliffside_cave, uniq_polyphemus, uniq_louise
Spider:1: layout_spider_delve
Spider:2: nicolae_spider_hilbert_zone_1 [nicolae_spider_hilbert_4_sides_1_open,
          nicolae_spider_hilbert_4_sides_1_open,
          nicolae_spider_hilbert_4_sides_1_open,
          nicolae_spider_hilbert_4_sides_1_open,
          nicolae_spider_hilbert_3_sides_1_open,
          nicolae_spider_hilbert_3_sides_1_open,
          nicolae_spider_hilbert_3_sides_1_open,
          nicolae_spider_hilbert_3_sides_1_open,
          nicolae_spider_hilbert_3_sides_1_open,
          nicolae_spider_hilbert_6_sides_1_open,
          nicolae_spider_hilbert_6_sides_1_open,
          nicolae_spider_hilbert_3_sides_1_open,
          nicolae_spider_hilbert_3_sides_1_open,
          nicolae_spider_hilbert_3_sides_1_open,
          nicolae_spider_hilbert_3_sides_1_open,
          nicolae_spider_hilbert_2_sides_1_open], ebering_ghost_reflecting_pool,
          uniq_azrael
Spider:3: layout_spider_delve, uniq_arachne
Spider:4: spider_rune_water
Orc:1:    giant_chief_lemuel, layout_caves, serial_shops, nicolae_square_shop,
          nicolae_lakefront_shop, minmay_shop_enchanted_jewellery, uniq_jorgrun
Orc:2:    st_orc_ogre_mass, layout_caves, serial_shops, shop, led_sif_book
Elf:1:    layout_geoelf_diagonals, serial_shops, shop,
          kennysheep_underground_church, roderic_lattice_octagonal_star
Elf:2:    nicolae_elf_blades_splatter_lattice
          [nicolae_blade_entry_hurt_lockers], layout_gridlike,
          portal_ice_cave_entry_pillars_2
Elf:3:    elf_hall, layout_gridlike, minmay_shop_grove, grunt_megastairs_4,
          uniq_nikola
Vaults:1: vaults_room_fours, nicolae_vaults_big_ls, vaults_standard_mumra_lines,
          v_misc_31, v_misc_23, vaults_room_door_ring,
          ontoclasm_vaults_claustrophobia, v_rooms_1,
          kennysheep_vaults_gozag_temple, vaults_room_semicircle, v_misc_3,
          nicolae_vaults_circle_grid_a, grunt_vaults_hallway_short,
          layout_vaults_maze
Vaults:2: ontoclasm_vaults_pinch, hangedman_vaults_stagger,
          grunt_vaults_trifunnel, gammafunk_sealed_library, v_alt_pattern_5,
          vaults_room_semicircle, nicolae_vaults_stairing_the_circle,
          nicolae_vaults_network_quincunx
          [nicolae_vaults_network_quincunx_subvault,
          nicolae_vaults_network_quincunx_subvault,
          nicolae_vaults_network_quincunx_subvault,
          nicolae_vaults_network_quincunx_subvault,
          nicolae_vaults_network_quincunx_subvault], v_misc_9,
          ontoclasm_vaults_loading_screen, layout_vaults_omnibox, serial_shops,
          shop
Vaults:3: hangedman_vaults_stretched_pinwheel, minmay_crypt_entry_nasty_monster,
          hangedman_vaults_trim, v_misc_2, vaults_room_glass_cross,
          nicolae_vaults_yaktaur_gun_rack, v_misc_22,
          nicolae_vaults_angled_halls, layout_vaults_omnigrid, uniq_xtahua
Vaults:4: vaults_room_fancy_cross, v_misc_19, vaults_room_door_hall,
          vaults_mumra_hex, vaults_mumra_minichess, nicolae_vaults_puzzle_piece,
          hangedman_vaults_restitches, nicolae_vaults_what_the_h,
          ontoclasm_vaults_idyll, ontoclasm_vaults_hangar, layout_vaults_ring,
          uniq_aizul
Vaults:5
Depths:1: layout_gridville, abyss_entry, hangedman_tar_grid_catacomb,
          nicolae_trove_entry_isolated, hangedman_abyss_or_decor_stabs,
          hex_large, hangedman_abyss_or_decor_lesser_grid, st_stairs_3,
          ebering_dispersal_statue_hall, kennysheep_generic_room_9
Depths:2: grunt_twisty_corner, layout_basic, grunt_pan_entry_sceptre,
          nrook_uturn, pf_coc_iceberg, serial_bayou_shore_b
Depths:3: hangedman_slaughterboxes, hell_entry, abyss_entry, serial_shops,
          uniq_margery
Depths:4: evilmike_zot_entry_argh, layout_basic, grunt_decor_fettered,
          grunt_metal_band, abyss_entry
Zot:1:    lemuel_draconian_sentries, layout_gridlike, grunt_ministairs_14
Zot:2:    layout_onion, st_stairs_4
Zot:3:    hellmonk_paralyzer, layout_gridville, hangedman_hellfire_club
Zot:4:    layout_twisted_circle, grunt_megastairs_1
Zot:5:    layout_gridlike, grunt_ministairs_5

Skill      XL: |  1  2  3  4  5  6  7  8  9 10 11 12 13 14 15 16 17 18 19 20 21 22 23 24 25 26 27 |
---------------+----------------------------------------------------------------------------------+-----
Fighting       | 4 5 6 8 10 12 13 15 16 17 18 19 20 22 23 24 26 | 26.8
Axes           | 4 |  4.6
Armour         | 3 4 5 6 8 10 11 13 15 16 17 19 20 21 23 24 26 | 26.5
Evocations     | 2 3 4 5 7 8 10 11 12 14 15 | 15.0
Short Blades   | 2 3 5 8 11 12 14 15 18 20 21 22 23 | 23.4
Dodging        | 3 4 5 7 9 10 12 14 15 16 17 18 19 20 | 20.2
Shields        | 11 13 15 16 17 18 20 21 22 23 25 26 27 | 27.0

Action                   |  1- 3 |  4- 6 |  7- 9 | 10-12 | 13-15 | 16-18 | 19-21 | 22-24 | 25-27 || total
-------------------------+-------+-------+-------+-------+-------+-------+-------+-------+-------++-------
Melee: Hand axe          |    86 |       |       |       |       |       |       |       |       ||    86
       Headbutt          |    10 |    19 |    37 |   112 |   424 |   658 |  1019 |  1766 |  1255 ||  5300
       Dagger            |     5 |    39 |    32 |       |       |       |       |       |       ||    76
       Punch             |       |     3 |     1 |     7 |    22 |       |       |       |       ||    33
       Short sword       |       |    76 |   176 |   504 |  1052 |   513 |       |       |       ||  2321
       Rapier            |       |       |       |       |   471 |   775 |       |       |       ||  1246
       Quick blade       |       |       |       |       |       |   939 |  2866 |  4400 |  3314 || 11519
Throw: Stone             |     1 |       |       |       |       |       |       |       |       ||     1
       Boomerang         |       |     5 |    14 |     6 |     1 |     3 |       |       |       ||    29
Invok: Berserk           |       |     3 |     5 |     6 |     3 |     2 |     1 |     2 |       ||    22
       Trog's Hand       |       |       |     2 |     5 |    11 |    16 |    23 |    26 |    15 ||    98
       Brothers in Arms  |       |       |       |     1 |       |     3 |     3 |       |     2 ||     9
Evoke: Wand              |       |       |     9 |    25 |    20 |    20 |    14 |     4 |     7 ||    99
       Condenser vane    |       |       |       |       |     1 |     3 |     9 |     8 |     4 ||    25
       Phantom mirror    |       |       |       |       |     1 |     3 |     5 |     8 |     3 ||    20
       Box of beasts     |       |       |       |       |       |     4 |     3 |       |     2 ||     9
       Lightning rod     |       |       |       |       |       |       |    19 |    21 |     5 ||    45
  Use: Scroll            |     1 |     6 |    10 |     8 |    12 |    23 |     9 |     4 |     8 ||    81
       Potion            |       |       |       |       |     9 |    13 |     5 |     4 |    10 ||    41
 Stab: Distracted        |       |       |       |       |       |     9 |     3 |     2 |       ||    14
       Petrified         |       |       |       |       |       |       |     2 |       |       ||     2
       Held in net/web   |       |       |       |       |       |       |     1 |       |       ||     1
Armor: Animal skin       |    21 |       |       |       |       |       |       |       |       ||    21
       Ring mail         |       |     6 |       |       |       |       |       |       |       ||     6
       Scale mail        |       |     9 |    23 |       |       |       |       |       |       ||    32
       Chain mail        |       |       |    26 |    12 |   430 |       |       |       |       ||   468
       Plate armour      |       |       |    26 |   230 |    79 |   579 |   417 |   363 |   436 ||  2130
Dodge: Dodged            |    62 |    42 |    96 |   175 |   485 |   269 |   235 |   525 |   691 ||  2580
Block: Other             |       |       |       |       |    53 |       |       |       |       ||    53
       Reflection        |       |       |       |       |     9 |   131 |   183 |    54 |    47 ||   424
       Tower shield      |       |       |       |       |   148 |   703 |       |       |  1415 ||  2266
       Buckler           |       |       |       |       |    42 |       |       |       |       ||    42
       Kite shield       |       |       |       |       |       |  1349 |  2338 |  2619 |   367 ||  6673
       Rpst.: Quick blade |       |       |       |       |       |       |       |    19 |    67 ||    86

Table legend: (Time is in decaauts)
 A = Elapsed time spent in this place.
 B = Non-inter-level travel time spent in this place.
 C = Inter-level travel time spent in this place.
 D = Time resting spent in this place.
 E = Time spent auto-exploring this place.
 F = Levels seen in this place.
 G = Mean time per level.
                   A        B        C        D        E       F      G
               +--------+--------+--------+--------+--------+-----+--------+
         Total |  98755 |  87482 |  11273 |  39277 |  26761 |  53 | 1863.3 |
       Dungeon |  22282 |  19072 |   3210 |   8405 |   7393 |  15 | 1485.5 |
          Lair |  13781 |  12146 |   1635 |   6343 |   3332 |   6 | 2296.8 |
        Shoals |   5649 |   5035 |    614 |   1883 |   1737 |   4 | 1412.2 |
   Spider Nest |   7890 |   7349 |    541 |   3293 |   2357 |   4 | 1972.5 |
  Orcish Mines |   4915 |   3952 |    963 |   1540 |   1270 |   2 | 2457.5 |
   Elven Halls |   5501 |   4739 |    762 |   1355 |   1740 |   3 | 1833.7 |
        Vaults |   9361 |   8195 |   1166 |   1984 |   3562 |   5 | 1872.2 |
        Depths |  11046 |   9475 |   1571 |   4976 |   2112 |   4 | 2761.5 |
           Zot |  15087 |  14278 |    809 |   8049 |   2786 |   5 | 3017.4 |
        Bazaar |     57 |     57 |      0 |      0 |      0 |   1 |   57.0 |
         Sewer |    582 |    582 |      0 |    162 |    114 |   1 |  582.0 |
      Ice Cave |    993 |    993 |      0 |    309 |    240 |   1 |  993.0 |
       Volcano |   1419 |   1419 |      0 |    972 |    117 |   1 | 1419.0 |
      Gauntlet |    184 |    184 |      0 |      0 |      0 |   1 |  184.0 |
               +--------+--------+--------+--------+--------+-----+--------+

Top non-repeatable levels by time:
   Zot:4: 4422 daAuts
Spider:2: 3717 daAuts
Depths:1: 3626 daAuts
   Zot:5: 3425 daAuts
Depths:3: 3239 daAuts
   Orc:1: 3190 daAuts
   Zot:3: 3006 daAuts
  Lair:3: 2913 daAuts
  Lair:6: 2793 daAuts
  Lair:5: 2767 daAuts
Shoals:3: 2752 daAuts
   Zot:1: 2685 daAuts
Depths:4: 2557 daAuts
    D:13: 2518 daAuts
Vaults:2: 2469 daAuts
